 Dungeon Crawl Stone Soup version 0.21-a0-582-g1b93aee (webtiles) character file.

111 Curus the Chopper (level 4, -5/39 HPs)
             Began as a Hill Orc Abyssal Knight on Dec 19, 2017.
             Was a Believer of Lugonu.
             Splashed by Ijyb's acid (14 damage)
             ... on level 2 of the Dungeon.
             The game lasted 00:04:25 (1547 turns).

Curus the Chopper (Hill Orc Abyssal Knight)         Turns: 1547, Time: 00:04:26

Health: -5/39      AC:  3    Str: 19    XL:     4   Next: 92%
Magic:  7/7        EV: 11    Int: 12    God:    Lugonu [**....]
Gold:   78         SH:  0    Dex: 11    Spells: 3/3 levels left

rFire    . . .     SeeInvis .   a - +1 hand axe
rCold    . . .     Gourm    .   (no shield)
rNeg     . . .     Faith    .   b - +0 leather armour
rPois    .         Spirit   .   (no helmet)
rElec    .         Reflect  .   (no cloak)
rCorr    .         Harm     .   (no gloves)
MR       .....                  (no boots)
Stlth    +.........             (no amulet)
HPRegen  0.13/turn              d - +5 ring of strength
MPRegen  0.10/turn              (no ring)

@: lethally poisoned (-5 -> -8)
A: no striking features
a: Depart the Abyss, Bend Space, Renounce Religion


You were on level 2 of the Dungeon.
You worshipped Lugonu.
Lugonu was pleased with you.
You were not hungry.

You visited 1 branch of the dungeon, and saw 3 of its levels.
You visited the Abyss 1 time.

You collected 78 gold pieces.

Inventory:

Hand Weapons
 a - a +1 hand axe (weapon)
Armour
 b - a +0 leather armour (worn)
Jewellery
 d - a +5 ring of strength (left hand)
Comestibles
 c - 9 rations


   Skills:
 - Level 3.6 Fighting
 + Level 4.9 Axes
 - Level 2.1 Armour
 - Level 0.7 Dodging
 + Level 4.8 Invocations


You had 3 spell levels left.
You didn't know any spells.

Dungeon Overview and Level Annotations

Branches:
Dungeon (3/15)

Altars:

Annotations:
D:2 Ijyb


Message History

You barely miss the worker ant.
The worker ant is almost dead.
The worker ant bites you.
You hit the worker ant.
You kill the worker ant!
Lugonu accepts your kill.
You feel sick.
There is a stone staircase leading up here.
You feel sick.
Ijyb screams, "You nasty!
Big nasty!"
Ijyb hits you with a club.
You climb upwards.
There is a stone staircase leading down here.
You closely miss Ijyb.
You feel sick. Ijyb hits you but does no damage.
You hit Ijyb but do no damage. Ijyb hits you but does no damage.
You barely miss Ijyb.
You feel sick.
Ijyb zaps a wand.
The bolt of acid hits you!
* * * LOW HITPOINT WARNING * * *
You are splashed with acid!
The acid burns!
You die...

####### ......#
############### #####.#
#.............# .# #.#
#.###########.# .#
#.#######.##### #.# .#
#.##.........g#### #.#
.####.#.........@....# #.#
...##..#.............####.#
..............###.#.......#
...........##.##.#.#.###..#
...)....#.###...###..###..#
#..####...###>.## ##......#
#..# ##........###..###.##
#..# ##.#.##.#.#...# #.#
#..######.........#..# #.#


You could see Ijyb.

Vanquished Creatures
  A worker ant (D:3)
  3 gnolls (D:2)
  2 adders (D:2)
  A dart slug (D:2)
  2 leopard geckos (D:2)
  A bat (D:2)
  A giant cockroach (D:2)
  3 goblins
  4 hobgoblins
  4 jackals (D:2)
  A quokka (D:2)
  3 frilled lizards (D:2)
  3 kobolds (D:2)
  A quokka zombie (D:2)
  5 rats
35 creatures vanquished.

Notes
Turn   | Place    | Note
-------+----------+-------------------------------------------
     0 | Abyss:1  | Curus the Hill Orc Abyssal Knight began the quest for the Orb.
     0 | Abyss:1  | Reached XP level 1. HP: 19/19 MP: 2/2
    43 | D:1      | Escaped the Abyss
   675 | D:2      | Reached XP level 2. HP: 26/26 MP: 2/4
   695 | D:2      | Reached XP level 3. HP: 22/31 MP: 5/5
   869 | D:2      | Reached ** piety under Lugonu
   869 | D:2      | Reached XP level 4. HP: 11/39 MP: 7/7
  1530 | D:3      | Noticed Ijyb
  1547 | D:2      | Splashed by Ijyb's acid

Vault maps used:
D:1:      matt_arrival_spirals, kennysheep_doodads
D:3:      lemuel_doored_altar, first_ration, grunt_decor_arrowhead, uniq_ijyb,
          uniq_grinder, uniq_robin
Abyss:1:  hangedman_abyss_or_decor_clamps, guppyfry_abyss_exit_glass_guarded

Skill      XL: |  1  2  3 |
---------------+----------+-----
Axes           | 3 4 |  4.9
Invocations    | 3 4 |  4.8
Fighting       | |  3.6
Armour         | |  2.1
Dodging        | |  0.7

Action                   |  1- 3 |  4- 6 || total
-------------------------+-------+-------++-------
Melee: Hand axe          |    61 |    56 ||   117
  Use: Scroll            |     3 |       ||     3
  Eat: Chunk             |       |     2 ||     2
Armor: Leather armour    |    11 |    13 ||    24
Dodge: Dodged            |    21 |    27 ||    48

Table legend:
 A = Spawn XP
 B = Non-spawn XP
 C = Spawn XP percentage of total XP
 D = Spawn monster count
 E = Non-spawn monster count
 F = Spawn count percentage of total count
 G = Total turns spent on level
                    A         B        C        D         E        F      G
               +---------+---------+-------+---------+---------+-------+---------
         Total |       0 |     159 |   0.0 |       0 |      35 |   0.0 |  1547
               +---------+---------+-------+---------+---------+-------+---------
           D:1 |       0 |       8 |   0.0 |       0 |       5 |   0.0 |   693
           D:2 |       0 |     114 |   0.0 |       0 |      29 |   0.0 |   797
           D:3 |       0 |      37 |   0.0 |       0 |       1 |   0.0 |    14
               +---------+---------+-------+---------+---------+-------+---------
